Map: Moondance

Players

Zoun

  • Race: Protoss Protoss
  • Spawn Location: 6:00

Jieshi - Winner!

  • Race: Protoss Protoss
  • Spawn Location: 12:00

Event: DreamHack SC2 Masters 2022 Atlanta (Offline)

VOD

Have the link to the VOD?

Description

Time

  • Played on: Nov. 18, 2022, 1 p.m.
  • Length: 11:04

All games in this series

Show
View Real Time Build Order
Export as new Build Order

Zoun Protoss 

Build Orders: Oracle Opening 

Get SALT Encoding   

  12  0:00  Probe  
  13  0:12  Probe  
  14  0:17  Pylon  
  14  0:24  Probe (Chrono Boost)  
  16  0:36  Probe (Chrono Boost)  
  16  0:38  Gateway  
  16  0:43  Probe (Chrono Boost)  
  16  0:49  Assimilator  
  17  0:51  Probe  
  17  0:55  Assimilator  
  18  1:03  Probe (Chrono Boost)  
  19  1:08  Gateway  
  19  1:13  Probe (Chrono Boost)  
  19  1:18  Probe (Chrono Boost)  
  20  1:25  Cybernetics Core  
  21  1:29  Probe  
  22  1:35  Pylon  
  22  1:41  Probe  
  23  1:53  Probe  
  24  2:01  Adept, Stalker  
  24  2:02  Warp Gate  
  24  2:05  Probe  
  29  2:12  Pylon  
  29  2:25  Pylon  
  29  2:33  Stargate  
  29  2:44  Stalker x2  
  31  3:04  Nexus  
  31  3:14  Oracle (Chrono Boost)  
  34  3:20  Shield Battery  
  34  3:30  Shield Battery, Probe  
  34  3:42  Probe  
  34  3:43  Shield Battery  
  35  3:50  Sentry, Stalker  
  35  3:53  Pylon  
  39  4:04  Twilight Council  
  39  4:11  Probe  
  39  4:16  Sentry  
  42  4:17  Shield Battery  
  42  4:21  Stalker  
  44  4:26  Pylon  
  44  4:33  Shield Battery  
  44  4:39  Pylon  
  44  4:51  Sentry, Stalker  
  46  5:04  Pylon  
  46  5:12  Blink (Chrono Boost)  
  46  5:14  Gateway  
  46  5:17  Gateway  
  46  5:28  Pylon  
  46  5:30  Stalker  
  48  5:53  Stalker  
  48  5:55  Probe  
  51  6:11  Stalker x2  
  51  6:15  Probe  
  56  6:18  Robotics Facility  
  56  6:22  Stalker  
  58  6:34  Nexus  
  58  6:43  Probe, Pylon  
  58  6:46  Stalker  
  61  7:07  Nexus  
  61  7:08  Observer  
  62  7:17  Robotics Bay  
  62  7:25  Probe  
  61  7:37  Probe  
  61  7:38  Stalker  
  61  7:42  Stalker  
  60  7:54  Stalker  
  60  8:00  Shield Battery  
  60  8:05  Probe  
  56  8:23  Disruptor (Chrono Boost)  
  59  8:32  Probe  
  60  8:36  Probe  
  60  8:39  Probe  
  62  8:45  Probe  
  64  8:48  Probe  
  64  8:52  Probe (Chrono Boost)  
  65  8:57  Probe (Chrono Boost)  
  65  9:06  Stalker  
  65  9:08  Stalker  
  65  9:09  Probe (Chrono Boost)  
  69  9:21  Stalker  
  71  9:25  Disruptor (Chrono Boost)  
  74  9:32  Probe x3  
  77  9:44  Probe x2  
  77  9:45  Probe, Forge  
  80  9:51  Disruptor (Chrono Boost)  
  80  9:54  Observer  
  80  9:56  Probe  
  80  9:57  Probe  
  80  9:59  Probe  
  86  10:03  Pylon  
  86  10:06  Assimilator, Pylon  
  83  10:08  Probe  
  84  10:17  Disruptor (Chrono Boost)  
  84  10:18  Stalker  
  84  10:30  Stalker x2  
  84  10:32  Probe  
  87  10:38  Shield Battery  
  82  10:46  Stalker  
Show
View Real Time Build Order
Export as new Build Order

Jieshi Protoss - Winner!

Build Orders:  

Get SALT Encoding   

  12  0:00  Probe  
  13  0:12  Probe  
  14  0:17  Pylon  
  14  0:24  Probe (Chrono Boost)  
  15  0:36  Gateway, Probe (Chrono Boost)  
  16  0:44  Probe (Chrono Boost)  
  16  0:46  Assimilator  
  17  0:51  Probe  
  17  0:56  Assimilator  
  18  1:03  Probe (Chrono Boost)  
  19  1:08  Gateway  
  19  1:14  Probe (Chrono Boost)  
  20  1:18  Probe (Chrono Boost)  
  21  1:25  Cybernetics Core  
  21  1:29  Probe  
  22  1:35  Pylon  
  22  1:41  Probe  
  23  1:54  Probe  
  24  2:02  Warp Gate  
  24  2:03  Adept x2  
  28  2:10  Pylon  
  28  2:22  Robotics Facility  
  28  2:33  Stalker  
  29  2:37  Stalker  
  31  2:59  Gateway  
  31  3:10  Immortal (Chrono Boost)  
  35  3:15  Sentry  
  35  3:17  Pylon  
  37  3:27  Shield Battery  
  37  3:39  Warp Prism (Chrono Boost)  
  39  3:52  Stalker x2  
  43  3:57  Stalker  
  45  4:03  Pylon  
  45  4:12  Observer  
  46  4:24  Stalker  
  48  4:28  Stalker  
  50  4:35  Stalker  
  52  5:05  Nexus  
  52  5:08  Pylon  
  52  5:09  Probe  
  53  5:21  Observer  
  53  5:25  Pylon  
  53  5:26  Sentry  
  55  5:37  Probe  
  55  5:39  Twilight Council  
  56  5:50  Immortal (Chrono Boost), Probe  
  56  5:56  Shield Battery  
  61  6:02  Probe  
  60  6:14  Probe  
  61  6:24  Probe  
  62  6:26  Probe  
  63  6:34  Stalker  
  63  6:36  Probe  
  63  6:38  Probe  
  61  6:48  Probe  
  61  6:50  Probe  
  61  6:51  Adept x2  
  67  7:00  Probe  
  68  7:02  Probe  
  68  7:05  Stalker  
  71  7:09  Pylon  
  71  7:12  Probe  
  71  7:14  Probe  
  71  7:21  Stalker x2  
  75  7:28  Probe x2  
  77  7:33  Observer  
  78  7:43  Probe x2  
  80  7:45  Twilight Council  
  80  7:51  Stalker x3  
  84  8:03  Probe x2  
  86  8:10  Nexus  
  86  8:12  Pylon  
  86  8:15  Blink (Chrono Boost)  
  82  8:22  Probe x2  
  84  8:27  Adept x2  
  84  8:29  Pylon  
  88  8:37  Stalker  
  90  8:50  Probe x2  
  90  8:53  Shield Battery  
  90  8:54  Forge  
  92  9:09  Stalker x3  
  98  9:18  Warp Prism (Chrono Boost)  
  98  9:23  Probe x2  
  98  9:24  Probe  
  99  9:31  Gateway  
  99  9:34  Stalker  
  99  9:36  Probe  
  102  9:41  Photon Cannon  
  102  9:42  Assimilator  
  102  9:51  Probe  
  103  9:56  Stalker x2, Pylon  
  105  10:15  Stalker  
  105  10:33  Stalker  
  105  10:34  Stalker x2  
  115  10:41  Gateway  
  115  10:42  Gateway  
  115  10:44  Gateway  
  103  10:57  Nexus  
Tags
 
Add a new tag
Caveats
  • Supply blocks, unpowered buildings, or Contaminate may cause inaccurate times.
  • Supply counts are checked every 10 seconds.